 Dungeon Crawl Stone Soup version 0.28-a0-1190-g77e1c55843 (console) character file.

Game seed: 3689686398151120539

11119 jejorda2 the Basher (level 11, 0/89 HPs)
             Began as a Gnoll Berserker on Dec 18, 2021.
             Was an Elder of Trog.
             Slain by a raiju (6 damage)
             ... on level 2 of the Abyss.
             The game lasted 00:27:54 (9630 turns).

jejorda2 the Basher (Gnoll Berserker)               Turns: 9630, Time: 00:27:54

Health: 0/89       AC: 19    Str: 24    XL:     11   Next: 72%
Magic:  20/20      EV: 19    Int:  8    God:    Trog [****..]
Gold:   298        SH: 14    Dex: 29    Spells: 23/23 levels left

rFire   . . .      SeeInvis .   a - +0 morningstar
rCold   + + .      Faith    .   b - +1 buckler of Lugonu's Hope {Drain rC++ Int-3 Dex+8}
rNeg    . . .      Spirit   .   w - +3 ring mail "Jeix Cun" {Str+4 Int-2 Dex+9 Stlth+}
rPois   .          Reflect  +   k - +0 helmet
rElec   .          Harm     .   l - +2 cloak
rCorr   .          Rampage  .   i - +1 pair of gloves {Stlth+}
Will    .....                   j - +1 pair of boots
Stlth   ++++++....              h - amulet of reflection
HPRegen 0.24/turn               z - +6 ring of intelligence
MPRegen 0.17/turn               n - ring of flight

@: about to teleport, on berserk cooldown, flying, slowed, invisible, very slow
A: fangs 1, strong nose, distributed training
a: Renounce Religion, Berserk, Trog's Hand, Brothers in Arms


You were on level 2 of the Abyss.
You worshipped Trog.
Trog was greatly pleased with you.
You visited 1 branch of the dungeon, and saw 10 of its levels.
You visited the Abyss 1 time.
You also visited: Sewer.

You collected 600 gold pieces.
You spent 302 gold pieces at shops.

Inventory:

Hand Weapons
 a - a +0 morningstar (weapon)
 x - the +6 mace of Jyockesk {flame, Contam rPois rCorr Int+7}
   (You took it off an orc on level 6 of the Dungeon)

   It burns those it strikes, dealing additional fire damage.
   Int:       It affects your intelligence (+7).
   rPois:     It protects you from poison.
   Contam:    It causes magical contamination when unequipped.
   rCorr:     It protects you from acid and corrosion.
Missiles
 d - 4 throwing nets
 g - 86 poisoned darts (quivered)
 v - 5 boomerangs
 E - 5 curare-tipped darts
Armour
 b - the +1 buckler of Lugonu's Hope (worn) {Drain rC++ Int-3 Dex+8}
   (You found it on level 4 of the Dungeon)

   Int:       It affects your intelligence (-3).
   Dex:       It affects your dexterity (+8).
   rC:        It greatly protects you from cold.
   Drain:     It drains your maximum health when unequipped.
 i - a +1 pair of gloves of stealth (worn)
 j - a +1 pair of boots (worn)
 k - a +0 helmet (worn)
 l - a +2 cloak (worn)
 w - the +3 ring mail "Jeix Cun" (worn) {Str+4 Int-2 Dex+9 Stlth+}
   (You found it on level 5 of the Dungeon)

   Str:       It affects your strength (+4).
   Int:       It affects your intelligence (-2).
   Dex:       It affects your dexterity (+9).
   Stlth:     It makes you more stealthy.
Jewellery
 h - an amulet of reflection (around neck)
 n - a ring of flight (right hand)
 z - a +6 ring of intelligence (left hand)
 D - a ring of ice
Wands
 c - a wand of charming (2)
 q - a wand of paralysis (7)
 s - a wand of acid (9)
 u - a wand of flame (21)
Scrolls
 f - 2 scrolls of identify
 m - 4 scrolls of teleportation
 o - 2 scrolls of fear
 p - 3 scrolls of magic mapping
 y - 3 scrolls of blinking
Potions
 e - 3 potions of flight
 r - 4 potions of magic
 t - a potion of invisibility
 A - a potion of heal wounds
 B - 2 potions of berserk rage


   Skills:
 + Level 9.4 Fighting
 + Level 6.5 Short Blades
 + Level 6.5 Long Blades
 + Level 6.5 Axes
 + Level 9.4 Maces & Flails
 + Level 6.5 Polearms
 + Level 6.5 Staves
 + Level 6.5 Slings
 + Level 6.5 Bows
 + Level 6.5 Crossbows
 + Level 6.5 Throwing
 + Level 8.1 Armour
 + Level 8.1 Dodging
 + Level 6.5 Stealth
 + Level 6.5 Shields
 + Level 6.5 Unarmed Combat
 + Level 6.5 Spellcasting
 + Level 5.4 Conjurations
 + Level 5.4 Hexes
 + Level 5.4 Summonings
 + Level 5.4 Necromancy
 + Level 5.4 Translocations
 + Level 5.4 Transmutations
 + Level 5.4 Fire Magic
 + Level 5.4 Ice Magic
 + Level 5.4 Air Magic
 + Level 5.4 Earth Magic
 + Level 5.4 Poison Magic
 + Level 7.2 Invocations
 + Level 6.5 Evocations


You had 23 spell levels left.
You didn't know any spells.
Your spell library was empty.

Dungeon Overview and Level Annotations

Branches:
Dungeon (10/15)            Temple (0/1) D:7             Orc (0/2) D:10
  Sewer (visited)
   Lair: D:8-11

Altars:
Kikubaaqudgha

Shops:
D:3 ?   D:4 [   D:6 :   D:9 *

Annotations:
D:10 3 runed translucent doors, HuGe's ghost, journeyman MiBe; Urug


Innate Abilities, Weirdness & Mutations

You have very sharp teeth.
Your uncanny sense of smell can sniff out nearby items.
Your experience applies equally to all skills.


Message History

As you read the scroll of teleportation, it crumbles to dust.
You feel strangely unstable.
You feel the power of the Abyss delaying your translocation!
You block the rakshasa's attack. The raiju barely misses you.
The raiju misses you. x2; You block the raiju's attack.
The rakshasa hits you with a +0 quarterstaff.
You block the raiju's attack.
The raiju bursts into living lightning!
The living lightning hits you!!
The raiju blinks!
Unknown command.
Unknown command.
Unknown command.
You barely miss the raiju. You block the raiju's attack.
The raiju bursts into living lightning!
The living lightning hits you!
The raiju blinks!
The rakshasa blinks!
You block the raiju's attack. The raiju completely misses you.
You block the raiju's attack.
The raiju bursts into living lightning!
The living lightning misses you.
The raiju blinks!
Found 50 gold pieces.
You block the raiju's attack. x2
The rakshasa gestures at you.
The lance of force reflects off an invisible shield around you!
The lance of force hits the rakshasa!
The rakshasa is knocked back by the lance of force.
The rakshasa slams into the stone wall!
The rakshasa is moderately wounded.
The raiju misses you. The raiju bites you. The raiju shocks you!
Unknown command.
Unknown command.
Unknown command.
The raiju bursts into living lightning!
The living lightning misses you.
The raiju blinks!
The raiju misses you.
The raiju bursts into living lightning!
The living lightning hits you!!
* * * LOW HITPOINT WARNING * * *
The raiju blinks!
The raiju bursts into living lightning!
The living lightning hits the raiju.
The raiju completely resists.
The living lightning misses you.
The raiju blinks! x2; The raiju bites you.
You die...

.#.....#..#.#######
#.#.### .#.# ..
#..#..##§# .# ..
#...§ ..#
...##..X.# ..#
........#####..##
......h....R..##
.....##.h§h......
#.. .. ##h@##..#..
#..... #..# .#
..... ...... ..
........... #
......#..##..#
.....#..# ..#
...$...h. .. ####
#### .#


You could see a rakshasa, a large abomination (wandering) and 5 raiju.

Vanquished Creatures
  Gastronok (D:10)
  Harold (D:7)
  Erolcha (D:9)
  A hydra (D:7)
  Erica (D:9)
  Sonja (D:10)
  Pikel (D:7)
  Maurice (D:9)
  Joseph (D:7)
  2 wraiths
  A shadow (D:9)
  3 wyverns
  6 yaks
  Sigmund (D:5)
  2 steam dragons
  Pargi (Sewer)
  4 water moccasins
  2 orc warriors
  3 ice beasts
  A hornet zombie (D:7)
  2 black bears (D:7)
  3 centaurs
  4 ogres
  4 kobold brigands
  3 phantoms
  5 bullfrogs
  A gnoll sergeant (D:7)
  A wyvern zombie (D:7)
  A scorpion (D:5)
  4 wights (D:8)
  A howler monkey (D:8)
  A centaur zombie (D:4)
  2 jellies (D:7)
  5 hounds
  2 orc priests (D:8)
  2 centaur skeletons
  An iguana (D:4)
  6 orc wizards
  A killer bee zombie (D:8)
  Robin (D:2)
  4 gnolls
  8 adders
  3 ufetubi
  An adder skeleton (D:4)
  2 worms
  2 dart slugs (D:1)
  21 orcs
  15 ball pythons
  6 bats (D:1)
  6 endoplasms
  9 giant cockroaches
  16 goblins
  6 hobgoblins
  21 kobolds
  6 quokkas
  6 frilled lizards
  24 rats
241 creatures vanquished.

Vanquished Creatures (collateral kills)
  An orc wizard (D:10)
  2 orcs (D:10)
  A hobgoblin (D:3)
4 creatures vanquished.

Vanquished Creatures (others)
  A white imp (D:7)
  A kobold (D:7)
  A withered plant (D:2)
3 creatures vanquished.

Grand Total: 248 creatures vanquished

Notes
Turn   | Place    | Note
-------+----------+-------------------------------------------
     0 | D:1      | jejorda2 the Gnoll Berserker began the quest for the Orb.
     0 | D:1      | Reached XP level 1. HP: 23/23 MP: 1/1
   345 | D:1      | Reached XP level 2. HP: 23/29 MP: 2/2
   747 | D:1      | Reached XP level 3. HP: 35/35 MP: 3/3
   757 | D:1      | Reached ** piety under Trog
  1014 | D:2      | Reached skill level 1 in Invocations
  1083 | D:2      | Reached skill level 1 in Short Blades
  1083 | D:2      | Reached skill level 1 in Long Blades
  1083 | D:2      | Reached skill level 1 in Axes
  1083 | D:2      | Reached skill level 1 in Polearms
  1083 | D:2      | Reached skill level 1 in Staves
  1083 | D:2      | Reached skill level 1 in Slings
  1083 | D:2      | Reached skill level 1 in Bows
  1083 | D:2      | Reached skill level 1 in Crossbows
  1083 | D:2      | Reached skill level 1 in Throwing
  1083 | D:2      | Reached skill level 1 in Stealth
  1083 | D:2      | Reached skill level 1 in Shields
  1083 | D:2      | Reached skill level 1 in Unarmed Combat
  1083 | D:2      | Reached skill level 1 in Spellcasting
  1083 | D:2      | Reached skill level 1 in Evocations
  1085 | D:2      | Reached XP level 4. HP: 41/41 MP: 5/5
  1289 | D:2      | Reached skill level 1 in Conjurations
  1289 | D:2      | Reached skill level 1 in Hexes
  1289 | D:2      | Reached skill level 1 in Summonings
  1289 | D:2      | Reached skill level 1 in Necromancy
  1289 | D:2      | Reached skill level 1 in Translocations
  1289 | D:2      | Reached skill level 1 in Transmutations
  1289 | D:2      | Reached skill level 1 in Fire Magic
  1289 | D:2      | Reached skill level 1 in Ice Magic
  1289 | D:2      | Reached skill level 1 in Air Magic
  1289 | D:2      | Reached skill level 1 in Earth Magic
  1289 | D:2      | Reached skill level 1 in Poison Magic
  1653 | D:2      | Reached XP level 5. HP: 42/47 MP: 5/7
  1840 | D:2      | Noticed Robin
  1848 | D:2      | Killed Robin
  1972 | D:2      | Found a faded altar of an unknown god.
  2112 | D:3      | Found Qaetzon's Magic Scroll Emporium.
  2118 | D:3      | Bought a scroll of teleportation for 42 gold pieces
  2118 | D:3      | Bought a scroll of identify for 28 gold pieces
  2137 | D:3      | Found a glowing drain.
  2161 | D:3      | Reached *** piety under Trog
  2173 | Sewer    | Entered a sewer
  2259 | Sewer    | Noticed Pargi
  2269 | Sewer    | Killed Pargi
  2270 | Sewer    | Reached XP level 6. HP: 53/53 MP: 8/8
  2384 | D:3      | Reached skill level 5 in Armour
  2384 | D:3      | Reached skill level 5 in Dodging
  2828 | D:4      | Noticed a water moccasin
  2840 | D:4      | Killed a water moccasin
  2841 | D:4      | Reached XP level 7. HP: 38/60 MP: 10/10
  3040 | D:4      | Identified the +1 buckler of Lugonu's Hope {Drain rC++
                  | Int-3 Dex+8}
  3670 | D:4      | Reached **** piety under Trog
  4090 | D:4      | Found Meacon's Antique Armour Shop.
  4447 | D:5      | Entered Level 5 of the Dungeon
  4463 | D:5      | Reached XP level 8. HP: 64/67 MP: 12/12
  4498 | D:5      | Noticed Sigmund
  4519 | D:5      | Killed Sigmund
  4714 | D:5      | Identified the +3 ring mail "Jeix Cun" {Str+4 Int-2 Dex+9
                  | Stlth+}
  5175 | D:6      | Found Nyrarol's Book Shop.
  5274 | D:6      | Identified the +6 mace of Jyockesk {flame, Contam rPois
                  | rCorr Int+7}
  5297 | D:6      | Reached XP level 9. HP: 72/72 MP: 14/14
  5764 | D:7      | Noticed a seven-headed hydra
  5972 | D:7      | Noticed Pikel
  5980 | D:7      | Killed Pikel
  5981 | D:7      | Reached skill level 5 in Invocations
  6038 | D:7      | Found a staircase to the Ecumenical Temple.
  6373 | D:7      | Reached XP level 10. HP: 76/80 MP: 17/17
  6427 | D:7      | Killed a seven-headed hydra
  6428 | D:7      | Reached skill level 5 in Short Blades
  6428 | D:7      | Reached skill level 5 in Long Blades
  6428 | D:7      | Reached skill level 5 in Axes
  6428 | D:7      | Reached skill level 5 in Polearms
  6428 | D:7      | Reached skill level 5 in Staves
  6428 | D:7      | Reached skill level 5 in Slings
  6428 | D:7      | Reached skill level 5 in Bows
  6428 | D:7      | Reached skill level 5 in Crossbows
  6428 | D:7      | Reached skill level 5 in Throwing
  6428 | D:7      | Reached skill level 5 in Stealth
  6428 | D:7      | Reached skill level 5 in Shields
  6428 | D:7      | Reached skill level 5 in Unarmed Combat
  6428 | D:7      | Reached skill level 5 in Spellcasting
  6428 | D:7      | Reached skill level 5 in Evocations
  6479 | D:7      | Noticed Harold
  6530 | D:7      | Noticed Joseph
  6553 | D:7      | Killed Joseph
  6608 | D:7      | Killed Harold
  7135 | D:4      | Bought a pair of runed gloves for 232 gold pieces
  7962 | D:8      | Reached XP level 11. HP: 83/87 MP: 19/19
  8366 | D:9      | Noticed Maurice
  8387 | D:9      | Killed Maurice
  8521 | D:9      | Noticed Erica
  8534 | D:9      | Killed Erica
  8535 | D:9      | Reached skill level 5 in Conjurations
  8535 | D:9      | Reached skill level 5 in Hexes
  8535 | D:9      | Reached skill level 5 in Summonings
  8535 | D:9      | Reached skill level 5 in Necromancy
  8535 | D:9      | Reached skill level 5 in Translocations
  8535 | D:9      | Reached skill level 5 in Transmutations
  8535 | D:9      | Reached skill level 5 in Fire Magic
  8535 | D:9      | Reached skill level 5 in Ice Magic
  8535 | D:9      | Reached skill level 5 in Air Magic
  8535 | D:9      | Reached skill level 5 in Earth Magic
  8535 | D:9      | Reached skill level 5 in Poison Magic
  8891 | D:9      | Found Paepnumo's Fire Supplies.
  9269 | D:9      | Noticed Erolcha
  9282 | D:9      | Killed Erolcha
  9430 | D:10     | Entered Level 10 of the Dungeon
  9442 | D:10     | Noticed Sonja
  9447 | D:10     | Found an ancient bone altar of Kikubaaqudgha.
  9452 | D:10     | Killed Sonja
  9465 | D:10     | Found a runed translucent gate.
  9473 | D:10     | Noticed HuGe's ghost (journeyman MiBe)
  9473 | D:10     | Noticed a nine-headed hydra
  9474 | D:10     | Found a runed translucent gate.
  9475 | D:10     | Found a runed translucent gate.
  9477 | D:10     | Noticed Gastronok
  9501 | D:10     | Killed Gastronok
  9513 | D:10     | Noticed Urug
  9516 | D:10     | Cast into level 2 of the Abyss (Urug)
  9614 | Abyss:2  | Noticed a rakshasa
  9630 | Abyss:2  | Slain by a raiju

Illustrated notes

Levels and vault maps discovered:
D:1:      dpeg_arrival_subterranean_lakeside_camping, layout_basic,
          chequers_serial_rivers_marsh
D:2:      layout_rooms, ebering_ecumenical_altar_petrified,
          minmay_quadrilaterals, uniq_robin
D:3:      layout_rooms, portal_sewer_entry_f, serial_shops, nicolae_square_shop,
          minmay_rat_hole
D:4:      layout_layer_cave, serial_shops, nicolae_shop_behind_doors,
          serial_park_tiny_1, minmay_increasing_density
D:5:      layout_rooms, uniq_sigmund
D:6:      layout_cave_pods, serial_shops, nicolae_shop_crystal
D:7:      hangedman_cross_stitches, layout_basic,
          minmay_temple_entry_water_ring, minmay_misc_feat_four_crosses,
          minmay_bent, uniq_harold, uniq_joseph, uniq_pikel
D:8:      layout_basic, hangedman_decor_opposing
D:9:      layout_loops_ring, nicolae_shop_fire_sale [nicolae_sub_dead_trees],
          minmay_misc_feat_ornament, uniq_maurice, uniq_erolcha, uniq_erica
D:10:     layout_roguey, mainiacjoe_overflow_brackets, zombieorc2_lemuel,
          enter_bailey_1, gammafunk_ghost_hydra_chop, chequers_jeans,
          nicolae_lava_and_water, minivault_15, minmay_diamond_spiral,
          uniq_urug, uniq_gastronok, uniq_sonja
Abyss:2:  base: D:8, serial_sigils_hangedman_quiver,
          serial_sigils_hangedman_quiver, serial_sigils_hangedman_quiver

Skill      XL: |  1  2  3  4  5  6  7  8  9 10 11 |
---------------+----------------------------------+-----
Invocations    | 1 2 3 4 5 6 7 |  7.2
Short Blades   | 1 2 3 4 5 6 |  6.5
Long Blades    | 1 2 3 4 5 6 |  6.5
Axes           | 1 2 3 4 5 6 |  6.5
Polearms       | 1 2 3 4 5 6 |  6.5
Staves         | 1 2 3 4 5 6 |  6.5
Slings         | 1 2 3 4 5 6 |  6.5
Bows           | 1 2 3 4 5 6 |  6.5
Crossbows      | 1 2 3 4 5 6 |  6.5
Throwing       | 1 2 3 4 5 6 |  6.5
Stealth        | 1 2 3 4 5 6 |  6.5
Shields        | 1 2 3 4 5 6 |  6.5
Unarmed Combat | 1 2 3 4 5 6 |  6.5
Spellcasting   | 1 2 3 4 5 6 |  6.5
Evocations     | 1 2 3 4 5 6 |  6.5
Conjurations   | 1 2 3 4 5 |  5.4
Hexes          | 1 2 3 4 5 |  5.4
Summonings     | 1 2 3 4 5 |  5.4
Necromancy     | 1 2 3 4 5 |  5.4
Translocations | 1 2 3 4 5 |  5.4
Transmutations | 1 2 3 4 5 |  5.4
Fire Magic     | 1 2 3 4 5 |  5.4
Ice Magic      | 1 2 3 4 5 |  5.4
Air Magic      | 1 2 3 4 5 |  5.4
Earth Magic    | 1 2 3 4 5 |  5.4
Poison Magic   | 1 2 3 4 5 |  5.4
Armour         | 5 6 7 8 |  8.1
Dodging        | 5 6 7 8 |  8.1
Fighting       | 7 8 9 |  9.4
Maces & Flails | 7 8 9 |  9.4

Action                   |  1- 3 |  4- 6 |  7- 9 | 10-12 || total
-------------------------+-------+-------+-------+-------++-------
Melee: Mace              |    23 |       |       |       ||    23
       Bite              |     8 |    17 |    49 |    56 ||   130
       Flail             |    49 |   164 |   219 |    90 ||   522
       Morningstar       |       |       |       |   161 ||   161
Throw: Dart              |       |    15 |       |       ||    15
Invok: Berserk           |     1 |     2 |     2 |     6 ||    11
       Trog's Hand       |       |     1 |     2 |     8 ||    11
       Brothers in Arms  |       |       |       |     1 ||     1
Evoke: Wand              |       |       |       |     2 ||     2
  Use: Scroll            |       |     8 |     5 |     5 ||    18
       Potion            |       |       |       |     7 ||     7
 Stab: Sleeping          |       |       |     5 |     8 ||    13
       Paralysed         |       |       |       |     3 ||     3
       Distracted        |       |       |       |     1 ||     1
Armor: Leather armour    |     5 |       |       |       ||     5
       Ring mail         |    16 |    54 |    41 |    60 ||   171
       Chain mail        |       |     9 |    24 |       ||    33
       Skin              |       |       |       |     1 ||     1
Dodge: Dodged            |    53 |   106 |    94 |   138 ||   391
Block: Other             |     8 |    39 |       |       ||    47
       Reflection        |       |     3 |     6 |     4 ||    13
       Buckler           |       |       |   118 |   170 ||   288

Table legend: (Time is in decaauts)
 A = Elapsed time spent in this place.
 B = Non-inter-level travel time spent in this place.
 C = Inter-level travel time spent in this place.
 D = Time resting spent in this place.
 E = Time spent auto-exploring this place.
 F = Levels seen in this place.
 G = Mean time per level.
                   A        B        C        D        E       F      G
               +--------+--------+--------+--------+--------+-----+--------+
         Total |   9797 |   9304 |    493 |    584 |   6572 |  12 |  816.4 |
       Dungeon |   9449 |   8956 |    493 |    550 |   6479 |  10 |  944.9 |
         Abyss |    113 |    113 |      0 |      0 |     17 |   1 |  113.0 |
         Sewer |    234 |    234 |      0 |     34 |     76 |   1 |  234.0 |
               +--------+--------+--------+--------+--------+-----+--------+

Top non-repeatable levels by time:
     D:4: 1700 daAuts
     D:1: 1331 daAuts
     D:7: 1230 daAuts
     D:9: 1128 daAuts
     D:8: 1090 daAuts
     D:6: 912 daAuts
     D:2: 759 daAuts
     D:5: 615 daAuts
     D:3: 590 daAuts
   Sewer: 234 daAuts
 Abyss:2: 113 daAuts
    D:10: 92 daAuts
